 Dungeon Crawl Stone Soup version 0.31-a0-229-g1fc7ce93e2 (webtiles) character file.

Game seed: 4237506149724872964

33 qw the Shooter (level 3, -1/29 HPs)
             Began as a Minotaur Hexslinger on July 6, 2023.
             Slain by a worm (8 damage)
             ... on level 1 of the Dungeon.
             The game lasted 00:00:20 (937 turns).

qw the Shooter (Minotaur Hexslinger)                 Turns: 937, Time: 00:00:20

Health: -1/29      AC:  5    Str: 18    XL:     3   Next: 12%
Magic:  3/3        EV: 11    Int: 10    God:
Gold:   29         SH:  0    Dex: 14    Spells: 3/4 levels left

rFire   . . .        a - +1 sling
rCold   . . .        (no shield)
rNeg    . . .        d - +0 ring mail
rPois   .            (helmet restricted)
rElec   .            (no cloak)
rCorr   .            (no gloves)
SInv    .            (no boots)
Will    .....        (no amulet)
Stlth   +            b - +6 ring of strength
HPRegen 0.24/turn    (no ring)
MPRegen 0.08/turn

%: no passive effects
@: no status effects
A: horns 2, retaliatory headbutt
a: no special abilities


You were on level 1 of the Dungeon.
You visited 1 branch of the dungeon, and saw 2 of its levels.

You collected 29 gold pieces.


Innate Abilities, Weirdness & Mutations

You have a pair of horns on your head.
You reflexively headbutt those who attack you in melee.


   Skills:
 - Level 2.0 Fighting
 + Level 3.7 Ranged Weapons
 - Level 2.1 Dodging
 - Level 1.0 Spellcasting
 - Level 2.0 Hexes


You had 3 spell levels left.
You knew the following spells:

 Your Spells              Type           Power      Damage    Failure   Level
a - Slow                  Hex            16%        N/A       26%         1

Your spell library contained the following spells:

 Spells                   Type           Power      Damage    Failure   Level
 Inner Flame              Hex/Fire       2%         N/A       77%         3
 Portal Projectile        Hex/Tloc       4%         N/A       77%         3
 Cause Fear               Hex            2%         N/A       95%         4

Inventory:

Hand Weapons
 a - a +1 sling (weapon)
Armour
 d - a +0 ring mail (worn)
Jewellery
 b - a +6 ring of strength (left hand)

Dungeon Overview and Level Annotations

Branches:
Dungeon (2/15)

Altars:


Message History

You finish putting on your +0 ring mail.
894 ||| DROPPING +0 robe.
You drop a +0 robe.
Done exploring.
895 ||| UPGRADING to +6 ring of strength.
You feel stronger.
b - a +6 ring of strength (left hand) Done exploring.
(D) Dungeon
Where to? (* - list waypoints, Enter - D:1, ? - help)
What level of the Dungeon? (default 1, ? - help)
You see here a +0 club.
There is a stone staircase leading down here.
You climb downwards.
There is a stone staircase leading up here.
A worm is nearby!
Enter note: You shoot a sling bullet.
The sling bullet barely misses the worm.
You shoot a sling bullet. The sling bullet hits the worm.
The worm is moderately wounded.
You shoot a sling bullet.
The sling bullet barely misses the worm.
You shoot a sling bullet. The sling bullet hits the worm.
The worm is heavily wounded.
You shoot a sling bullet.
The sling bullet barely misses the worm.
The worm bites you!
933 ||| STAIRDANCE You climb upwards.
There is a stone staircase leading down here.
You shoot a sling bullet. The sling bullet hits the worm.
The worm is severely wounded.
The worm bites you!
You shoot a sling bullet.
The sling bullet barely misses the worm.
The worm bites you!
You shoot a sling bullet.
The sling bullet barely misses the worm.
The worm bites you!
You die...

####..####....#..##.#............
#.............##.##.#########.
####.......###.#.##.##...........
...#........:#.#....##..#########
##.#.........#.#.####...#
##.#....##..............#
.#.#.....#.....#.#......#
..%%...#.#.....#...###..#
##)......#.).#..@##.....#
...............w.##.#...#
.###..#..##..#......#...# #
....................#...# #
.#....#.................# #
.#....#...#...#####.##..# #
.#....#...........#.##..#########
##....#.#.##.#....#.#............
......#....#.######.##.##########


You could see a worm.

Vanquished Creatures
  4 ball pythons (D:1)
  A bat (D:1)
  An endoplasm (D:1)
  2 giant cockroaches (D:1)
  3 goblins (D:1)
  5 hobgoblins
  4 jackals (D:1)
  3 quokkas (D:1)
  A frilled lizard (D:1)
  A kobold (D:1)
  2 rats (D:1)
27 creatures vanquished.

Notes
Turn   | Place    | Note
-------+----------+-------------------------------------------
     0 | D:1      | qw the Minotaur Hexslinger began the quest for the Orb.
     0 | D:1      | Reached XP level 1. HP: 16/16 MP: 1/1
     0 | D:1      | 0 ||| qw: Version: 0.3-a-46-gb1f654a
     0 | D:1      | 0 ||| qw: Game counter: 1325
     0 | D:1      | 0 ||| qw: Melee chars always use a shield: true
     0 | D:1      | 0 ||| qw: God list: Okawaru
     0 | D:1      | 0 ||| qw: Allow faded altars: false
     0 | D:1      | 0 ||| qw: Do Orc after clearing Dungeon:15 true
     0 | D:1      | 0 ||| qw: Do second Lair branch before Depths: true
     0 | D:1      | 0 ||| qw: Lair rune preference: random
     0 | D:1      | 0 ||| qw: Goals: Normal
     0 | D:1      | 0 ||| PLANNING D:1-11
    53 | D:1      | You fall into a shaft and drop 1 floor!
    79 | D:2      | Identified the +10 mace "Ybehoos" {spect, Str+4}
   101 | D:2      | 101 ||| DROPPING scroll of poison.
   103 | D:2      | 103 ||| FLEEEEING.
   104 | D:2      | 104 ||| FLEEEEING.
   105 | D:2      | 105 ||| FLEEEEING.
   106 | D:2      | 106 ||| FLEEEEING.
   107 | D:2      | 107 ||| FLEEEEING.
   108 | D:2      | 108 ||| FLEEEEING.
   109 | D:2      | 109 ||| STAIRDANCE
   202 | D:1      | Reached skill level 3 in Ranged Weapons
   203 | D:1      | Reached XP level 2. HP: 17/23 MP: 2/2
   534 | D:1      | Reached XP level 3. HP: 24/29 MP: 3/3
   745 | D:1      | Found a faded altar of an unknown god.
   884 | D:1      | 884 ||| UPGRADING to +0 ring mail.
   894 | D:1      | 894 ||| DROPPING +0 robe.
   895 | D:1      | 895 ||| UPGRADING to +6 ring of strength.
   933 | D:2      | 933 ||| STAIRDANCE
   936 | D:1      | HP: 7/29 [worm (7)]
   937 | D:1      | Slain by a worm

Levels and vault maps discovered:
D:1:      mrwooster_arrival_statue, layout_basic,
          dilly_ecumenical_altar_fadedgnrine, chequers_serial_rivers_large_b,
          corexii_item_surrounded_by_moat
D:2:      layout_rooms, basic_altar, kennysheep_nub

Skill      XL: |  1  2 |
---------------+-------+-----
Ranged Weapons | 3 |  3.7
Fighting       | 2 |  2.0
Dodging        | |  2.1
Spellcasting   | |  1.0
Hexes          | |  2.0

Action                     || total
---------------------------++-------
   Fire: Sling             ||    76
 Armour: Robe              ||     8
  Dodge: Dodged            ||    38

Table legend:
 A = Non-vault XP
 B = Vault XP
 C = Vault XP percentage of total XP
 D = Non-vault monster count
 E = Vault monster count
 F = Vault count percentage of total count
                 A         B        C        D         E       F
            +---------+---------+-------+---------+---------+-------
      Total |      48 |       0 |   0.0 |      27 |       0 |   0.0
            +---------+---------+-------+---------+---------+-------
        D:1 |      46 |       0 |   0.0 |      26 |       0 |   0.0
        D:2 |       2 |       0 |   0.0 |       1 |       0 |   0.0
            +---------+---------+-------+---------+---------+-------
